 Dungeon Crawl Stone Soup version 0.31-a0-986-g5e6e4ef867 (webtiles) character file.

Game seed: 7107315520284098122

2 croobank the Sneak (level 1, 0/16 HPs)
             Began as an Octopode Delver on Nov 9, 2023.
             Was an Initiate of Ashenzari.
             Succumbed to an orc's poison
             ... on level 5 of the Dungeon.
             The game lasted 00:00:59 (87 turns).

croobank the Sneak (Octopode Delver)                  Turns: 87, Time: 00:01:00

Health: 0/16       AC:  1    Str: 11    XL:     1   Next: 30%
Magic:  1/1        EV: 13    Int: 12    God:    Ashenzari [......]
Gold:   4          SH:  0    Dex: 13    Spells: 0/0 levels left

rFire   . . .        a - +0 short sword
rCold   . . .        (no shield)
rNeg    . . .        (helmet restricted)
rPois   .            (no amulet)
rElec   .            (no ring)
rCorr   .            (no ring)
SInv    .            (no ring)
Will    .....        (no ring)
Stlth   ++++         (no ring)
HPRegen 0.22/turn    (no ring)
MPRegen 0.07/turn    (no ring)
                     (no ring)

%: no passive effects
@: lethally poisoned (0 -> -1), weakened, hasted, very quick
A: almost no armour, amphibious, 8 rings, camouflage 1, gelatinous body 1,
(nimble swimmer 1), tentacles
a: Renounce Religion


You were on level 5 of the Dungeon.
You worshipped Ashenzari.
Ashenzari was noncommittal.
You visited 2 branches of the dungeon, and saw 2 of its levels.

You collected 4 gold pieces.

Inventory:

Hand Weapons
 a - a +0 short sword (weapon)
Wands
 f - a wand of digging (3)
Scrolls
 b - a scroll of fog
 c - a scroll of revelation
 d - a scroll of fear


   Skills:
 + Level 3.0 Fighting
 + Level 2.0 Short Blades
 + Level 2.0 Dodging
 + Level 6.6 Stealth


You couldn't memorise any spells.
You didn't know any spells.
Your spell library was empty.

Dungeon Overview and Level Annotations

Branches:
Dungeon (5/15)             Temple (1/1) D:5

Altars:
Ashenzari
Fedhas
Gozag
Hepliaklqana
Makhleb
Sif Muna
Trog
Vehumet
Wu Jian
Yredelemnul
Zin


Innate Abilities, Weirdness & Mutations

You cannot wear most types of armour.
You are amphibious.
You can wear up to eight rings at the same time.
Your skin changes colour to match your surroundings (Stealth+).
Your rubbery body absorbs attacks. (AC +1, EV +1)
((You are camouflaged when in or above water. (Stealth+)))
You have tentacles for arms and can constrict up to eight enemies at once.


Message History

There are no items here.
You see here 4 gold pieces.
You now have 4 gold pieces.
The orc hits you with a +1 dagger of venom.
You are poisoned.
You feel very sick.
The orc hits you with a +1 dagger of venom.
A gnoll bouda comes into view. It is wielding a +0 whip.
Okay, then.
Okay, then.
You feel yourself speed up.
You feel sick. The orc misses you.
The gnoll bouda shouts!
You hit the orc. Your grab misses the orc. Your squeeze misses the orc.
The orc is heavily wounded.
You feel sick.
You hear a shout!
The orc misses you.
The gnoll bouda gazes fiercely through you!
You feel your attacks grow feeble.
You closely miss the orc. Your grab misses the orc.
The orc is heavily wounded.
You feel sick.
You hit the orc. Your grab misses the orc.
The orc is almost dead.
* * * LOW HITPOINT WARNING * * *
You feel sick. The orc closely misses you.
The gnoll bouda barks out a call to the hunt!
You hit the orc.
You kill the orc!
* * * LOW HITPOINT WARNING * * *
You feel sick.
A gnoll comes into view. It is wielding a +0 club.
You see here a +1 dagger of venom.
* * * LOW HITPOINT WARNING * * *
You feel sick.
* * * LOW HITPOINT WARNING * * *
You feel sick.
* * * LOW HITPOINT WARNING * * *
You feel sick.
You die...

###..........g.#.#......
........................
..............#.#.#.....
#.......).#......(#..
#.......#...#.>.#...#
.......##...#.......# .
......#####...#.#.#.....
....................#...
......#####@##.#.#......
.....................#..
..............>.#....#
.......................
...................
......<...........
#.................
..................
.............(..


There were no monsters in sight!

Vanquished Creatures
  An orc (D:5)
1 creature vanquished.

Notes
Turn   | Place    | Note
-------+----------+-------------------------------------------
     0 | D:5      | croobank the Octopode Delver began the quest for the Orb.
     0 | D:5      | Reached XP level 1. HP: 16/16 MP: 1/1
     7 | Temple   | Entered the Ecumenical Temple
    37 | Temple   | Became a worshipper of Ashenzari the Shackled
    76 | D:5      | Noticed a gnoll bouda
    87 | D:5      | Succumbed to an orc's poison

Illustrated notes

Levels and vault maps discovered:
D:5:      layout_basic, kennysheep_mini_moat, nicolae_overflow_crystal_walls,
          minmay_temple_entry_sparse_star, uniq_blork_the_orc
Temple:   grunt_temple_mini_profane

Action                     || total
---------------------------++-------
  Melee: Short sword       ||     4
    Use: Potion            ||     1
 Armour: Skin              ||     2
  Dodge: Dodged            ||     3

Table legend: (Time is in decaauts)
 A = Elapsed time spent in this place.
 B = Non-inter-level travel time spent in this place.
 C = Inter-level travel time spent in this place.
 D = Time resting spent in this place.
 E = Time spent auto-exploring this place.
 F = Levels seen in this place.
 G = Mean time per level.
                   A        B        C        D        E       F      G
               +--------+--------+--------+--------+--------+-----+--------+
         Total |     83 |     29 |     54 |      0 |      0 |   2 |   41.5 |
       Dungeon |     28 |     27 |      1 |      0 |      0 |   1 |   28.0 |
        Temple |     55 |      2 |     53 |      0 |      0 |   1 |   55.0 |
               +--------+--------+--------+--------+--------+-----+--------+

Top non-repeatable levels by time:
  Temple: 55 daAuts
     D:5: 28 daAuts
